 Dungeon Crawl Stone Soup version 0.31.0-9-g3a7656b989 (webtiles) character file.

Game seed: 18380197314586081989

249 qw the Shooter (level 5, -5/42 HPs)
             Began as a Demigod Hunter on Feb 2, 2024.
             Incinerated by a bombardier beetle (6 damage)
             ... with a burning spray
             ... on level 4 of the Dungeon.
             The game lasted 00:00:11 (2615 turns).

qw the Shooter (Demigod Hunter)                     Turns: 2615, Time: 00:00:11

Health: -5/42      AC:  7    Str: 12    XL:     5   Next: 56%
Magic:  7/7        EV: 17    Int: 11    God:
Gold:   109        SH:  0    Dex: 21    Spells: 4/4 levels left

rFire   . . .        a - +1 shortbow (heavy)
rCold   . . .        (shield currently unavailable)
rNeg    . . .        i - +1 leather armour {Will+}
rPois   .            (no helmet)
rElec   .            (no cloak)
rCorr   .            k - +0 pair of gloves
SInv    .            c - +1 pair of boots
Will    +....        (no amulet)
Stlth   +            n - +5 ring of evasion
HPRegen 0.27/turn    (no ring)
MPRegen 0.10/turn

%: no passive effects
@: on fire, glowing
A: high MP 1, forlorn, divine attributes
a: no special abilities


You were on level 4 of the Dungeon.
You visited 1 branch of the dungeon, and saw 4 of its levels.

You collected 219 gold pieces.
You spent 110 gold pieces at shops.


Innate Abilities, Weirdness & Mutations

You have an increased reservoir of magic. (+10% MP)
You shall have no god before yourself.
Your divine heritage dramatically boosts your attributes as you level up.


   Skills:
 + Level 2.5 Fighting
 - Level 6.0 Ranged Weapons
 - Level 1.1 Armour
 - Level 2.0 Dodging
 - Level 0.8 Stealth


You had 4 spell levels left.
You didn't know any spells.
Your spell library was empty.

Inventory:

Hand Weapons
 a - a +1 heavy shortbow (weapon)
Armour
 c - a +1 pair of boots (worn)
 i - a +1 leather armour of willpower (worn)
 k - a +0 pair of gloves (worn)
Jewellery
 n - a +5 ring of evasion (left hand)
Wands
 h - a wand of iceblast (17)
Scrolls
 b - 2 scrolls of teleportation
Potions
 d - a potion of ambrosia {unknown}
 e - 2 potions of degeneration {unknown}
 g - a potion of enlightenment
 l - a potion of mutation
 m - a potion of curing {unknown}

Dungeon Overview and Level Annotations

Branches:
Dungeon (4/15)
 Temple: D:4-7

Shops:
D:3 [


Message History

e - 2 viscous ruby potions
Things that are here:
a +0 sling; a +0 club; a goblin corpse
Things that are here:
a +0 spear; a +0 spear; a gnoll corpse You see here a +0 club.
A bombardier beetle comes into view.
You shoot an arrow.
The arrow closely misses the bombardier beetle.
You shoot an arrow.
The arrow barely misses the bombardier beetle.
The bombardier beetle sprays incendiary fluid at you.
The burning spray hits you.
You are covered in liquid fire!
You shoot an arrow. The arrow hits the bombardier beetle!
The bombardier beetle is heavily wounded.
The liquid fire burns you!
The bombardier beetle sprays incendiary fluid at you.
The burning spray hits you.
You are even more covered in liquid fire!
You shoot an arrow. The arrow hits the bombardier beetle!
You kill the bombardier beetle!
The liquid fire burns you!
You are on fire!
The liquid fire burns you!
You are on fire!
The liquid fire burns you!
You are on fire!
The liquid fire burns you!
You are on fire!
The liquid fire burns you!
You are on fire!
The liquid fire burns you!
You are on fire!
The liquid fire burns you!
You are on fire!
The liquid fire burns you!
You are on fire!
The liquid fire burns you!
You die...

### .... .....#### .......@#
.....##.# ########### ####### ...
#.# #.........# ......# . ###.#
#.........# ......#
###...###....(....# ......#
###...#..##.........#
.....#####...####.##.........#
...###.....###..#..#.........####
.###...##.##....##.##............


There were no monsters in sight!

Vanquished Creatures
  A bombardier beetle (D:4)
  2 iguanas
  4 adders
  3 gnolls (D:4)
  2 orcs (D:4)
  11 ball pythons
  6 endoplasms
  4 giant cockroaches
  16 goblins
  12 hobgoblins
  10 kobolds
  7 quokkas
  3 bats
  2 frilled lizards
  5 rats
88 creatures vanquished.

Notes
Turn   | Place    | Note
-------+----------+-------------------------------------------
     0 | D:1      | qw the Demigod Hunter began the quest for the Orb.
     0 | D:1      | Reached XP level 1. HP: 17/17 MP: 3/3
     0 | D:1      | 0 ||| qw: Version: 0.3-a-155-g5e7d8dd
     0 | D:1      | 0 ||| qw: Game counter: 482
     0 | D:1      | 0 ||| qw: Melee chars always use a shield: true
     0 | D:1      | 0 ||| qw: God list: Okawaru
     0 | D:1      | 0 ||| qw: Allow faded altars: false
     0 | D:1      | 0 ||| qw: Do Orc after clearing Dungeon:15 true
     0 | D:1      | 0 ||| qw: Do second Lair branch before Depths: true
     0 | D:1      | 0 ||| qw: Lair rune preference: random
     0 | D:1      | 0 ||| qw: Goals: Normal
     0 | D:1      | 0 ||| PLANNING D:1-11
    44 | D:1      | Reached skill level 4 in Ranged Weapons
    82 | D:1      | Reached XP level 2. HP: 24/24 MP: 4/4
   518 | D:1      | 518 ||| UPGRADING to +0 ring mail.
   528 | D:1      | 528 ||| DROPPING +0 leather armour.
   529 | D:1      | 529 ||| READING scroll labelled LEZ ECUIMOAQU.
   529 | D:1      | 529 ||| IDENTIFYING 2 black potions
   530 | D:1      | 530 ||| DROPPING scroll of butterflies.
   531 | D:1      | 531 ||| DROPPING 2 potions of invisibility.
   582 | D:2      | Reached XP level 3. HP: 29/29 MP: 5/5
   978 | D:2      | Reached skill level 5 in Ranged Weapons
  1126 | D:2      | 1126 ||| UPGRADING to +0 pair of boots.
  1131 | D:2      | 1131 ||| UPGRADING to +5 ring of evasion.
  1132 | D:2      | 1132 ||| READING scroll of identify.
  1132 | D:2      | 1132 ||| IDENTIFYING green potion
  1133 | D:2      | 1133 ||| READING scroll labelled IGIENO ARANUE.
  1134 | D:2      | 1134 ||| READING scroll labelled DIHIHA YFUI.
  1134 | D:2      | 1134 ||| BRANDING +0 shortbow.
  1135 | D:2      | 1135 ||| READING scroll labelled SEL BE FAI.
  1135 | D:2      | 1135 ||| ENCHANTING +0 pair of boots.
  1136 | D:2      | 1136 ||| READING scroll labelled HOISIS IKLE.
  1136 | D:2      | 1136 ||| ENCHANTING +0 heavy shortbow.
  1137 | D:2      | 1137 ||| READING scroll labelled OSUMUGI ZOEDI.
  1138 | D:2      | 1138 ||| READING scroll labelled RORINN VUIRGH.
  1139 | D:2      | 1139 ||| DRINKING 2 lumpy inky potions.
  1140 | D:2      | 1140 ||| DROPPING potion of berserk rage.
  1141 | D:2      | 1141 ||| DROPPING potion of attraction.
  1313 | D:3      | Reached skill level 1 in Armour
  1313 | D:3      | Reached XP level 4. HP: 36/36 MP: 6/6
  1562 | D:3      | Found Cyssong's Antique Armour Shoppe.
  1573 | D:3      | 1573 ||| SHOPLISTING glowing helmet (165 gold, have 160).
  1573 | D:3      | 1573 ||| BUYING runed leather armour (110 gold).
  1573 | D:3      | Bought a runed leather armour for 110 gold pieces
  1573 | D:3      | 1573 ||| SHOPLISTING shiny ring mail (154 gold, have 50).
  2080 | D:3      | 2080 ||| UPGRADING to +1 leather armour of willpower.
  2090 | D:3      | 2090 ||| DROPPING +0 ring mail.
  2091 | D:3      | 2091 ||| UPGRADING to +0 pair of gloves.
  2096 | D:3      | 2096 ||| READING scroll of identify.
  2096 | D:3      | 2096 ||| IDENTIFYING fizzy coppery potion
  2097 | D:3      | 2097 ||| READING scroll labelled BEDANI XOEGOIN.
  2098 | D:3      | 2098 ||| READING scroll labelled MEJOSUSOSING.
  2199 | D:3      | 2199 ||| READING scroll labelled PASKIU CAODGHE.
  2203 | D:3      | 2203 ||| DRINKING 2 puce potions.
  2310 | D:4      | Identified the +2 whip of the Whale {flame, *Noise rCorr
                  | Str+3 SInv}
  2393 | D:4      | 2393 ||| READING scroll labelled VAYTHE IGAMAU.
  2490 | D:4      | Reached XP level 5. HP: 41/41 MP: 7/7
  2521 | D:4      | Reached skill level 6 in Ranged Weapons
  2611 | D:4      | HP: 8/42 [burnt (4)]
  2613 | D:4      | HP: 3/42 [burnt (3)]
  2614 | D:4      | HP: 1/42 [burnt (2)]
  2615 | D:4      | Incinerated by a bombardier beetle

Levels and vault maps discovered:
D:1:      lightli_arrival_statue_moat, layout_rooms
D:2:      layout_loops_ring
D:3:      cheibrodos_greedy_goblins, layout_basic, lemuel_tele_altar,
          serial_shops, shop, minmay_misc_feat_x, minmay_quadrilaterals
D:4:      minmay_skewed_foursquare, layout_rooms, kennysheep_mini

Skill      XL: |  1  2  3  4  5 |
---------------+----------------+-----
Ranged Weapons | 4 5 6 |  6.0
Fighting       | 2 |  2.5
Armour         | 1 |  1.1
Dodging        | 2 |  2.0
Stealth        | |  0.8

Action                     |  1- 3 |  4- 6 || total
---------------------------+-------+-------++-------
   Fire: Shortbow          |   119 |    79 ||   198
    Use: Scroll            |     8 |     5 ||    13
         Potion            |     1 |     1 ||     2
 Armour: Leather armour    |    14 |     2 ||    16
         Ring mail         |     7 |    22 ||    29
  Dodge: Dodged            |    24 |    58 ||    82

Table legend:
 A = Non-vault XP
 B = Vault XP
 C = Vault XP percentage of total XP
 D = Non-vault monster count
 E = Vault monster count
 F = Vault count percentage of total count
                 A         B        C        D         E       F
            +---------+---------+-------+---------+---------+-------
      Total |     321 |      36 |  10.1 |      68 |      20 |  22.7
            +---------+---------+-------+---------+---------+-------
        D:1 |      45 |       0 |   0.0 |      26 |       0 |   0.0
        D:2 |      48 |       0 |   0.0 |      13 |       0 |   0.0
        D:3 |      82 |      31 |  27.4 |      15 |      18 |  54.5
        D:4 |     146 |       5 |   3.3 |      14 |       2 |  12.5
            +---------+---------+-------+---------+---------+-------
